Map: Daten-C

Players

huevo - Winner!

  • Race: Terran Terran
  • League: Diamond
  • Spawn Location: 3:00

marauder

  • Race: Terran Terran
  • League: Diamond
  • Spawn Location: 9:00

VOD

Have the link to the VOD?

Description

Time

  • Played on: Sept. 21, 2022, 9:29 a.m.
  • Length: 8:26
Show
View Real Time Build Order
Export as new Build Order

huevo Terran - Winner!

Build Orders:  

Get SALT Encoding   

  12  0:00  SCV  
  13  0:12  SCV  
  14  0:18  Supply Depot  
  14  0:24  SCV  
  15  0:40  Barracks, SCV  
  16  0:45  Refinery  
  16  0:52  SCV  
  16  0:54  Refinery  
  18  1:04  SCV  
  18  1:16  SCV  
  19  1:28  Orbital Command  
  19  1:29  Reaper  
  20  1:33  Supply Depot  
  20  1:45  Factory  
  20  1:54  SCV  
  21  2:01  Reaper  
  21  2:06  SCV  
  23  2:20  SCV  
  24  2:31  Command Center  
  24  2:35  SCV  
  24  2:36  Hellion  
  28  2:38  Barracks Reactor  
  27  2:47  SCV  
  28  2:54  Starport  
  28  2:59  SCV  
  28  3:01  Factory Tech Lab  
  29  3:13  SCV  
  30  3:24  Marine  
  31  3:29  Supply Depot  
  31  3:32  Starport Tech Lab  
  31  3:35  Refinery  
  31  3:42  Marine, Cyclone  
  31  3:43  SCV  
  36  3:50  Orbital Command  
  36  3:52  Raven  
  36  3:55  Marine  
  39  3:58  Engineering Bay  
  39  3:59  SCV  
  39  4:17  Siege Tank  
  39  4:19  Marine x2, SCV x2  
  46  4:25  Barracks  
  46  4:28  Barracks  
  46  4:32  SCV x2  
  48  4:39  Supply Depot  
  48  4:42  Supply Depot  
  48  4:56  SCV x2  
  48  4:58  Terran Infantry Weapons Level 1  
  50  5:00  Stimpack  
  50  5:04  Siege Tank  
  48  5:38  SCV x2  
  48  5:39  Barracks Reactor x2  
  50  5:46  Viking  
  50  5:47  Viking, Siege Tank  
  50  5:48  Marine  
  58  5:51  SCV x2  
  58  5:55  Supply Depot  
  60  6:07  Marine  
  60  6:08  SCV x2  
  63  6:16  Marine x2  
  63  6:17  Marine x2  
  67  6:18  Viking  
  67  6:22  Siege Tank  
  67  6:24  SCV  
  73  6:26  SCV  
  73  6:32  Supply Depot  
  74  6:35  Supply Depot  
  74  6:51  SCV  
  74  6:52  SCV  
  74  6:54  Marine, Medivac x2  
  80  6:55  Marine x4  
  80  6:57  Siege Tank  
  88  7:06  Supply Depot x2  
  88  7:07  SCV x2  
  90  7:14  Marine x4  
  94  7:19  Supply Depot  
  94  7:20  Refinery  
  94  7:27  Medivac x2, Marine, SCV x2  
  101  7:32  Supply Depot  
  101  7:35  Supply Depot  
  98  8:08  Marine x2  
Show
View Real Time Build Order
Export as new Build Order

marauder Terran 

Build Orders: Liberator Opening 

Get SALT Encoding   

  12  0:00  SCV  
  13  0:12  SCV  
  14  0:17  Supply Depot  
  14  0:24  SCV  
  14  0:27  Refinery  
  15  0:38  SCV  
  16  0:45  Barracks  
  16  0:50  SCV  
  17  1:03  SCV  
  18  1:15  SCV  
  19  1:27  SCV  
  20  1:36  Reaper  
  20  1:39  Orbital Command  
  21  1:52  Command Center  
  21  2:05  Factory  
  21  2:08  SCV  
  22  2:10  Marine  
  23  2:19  Supply Depot  
  22  2:28  Marine  
  23  2:34  Refinery  
  23  2:40  SCV  
  24  2:49  Factory Tech Lab  
  24  2:53  Starport, SCV  
  25  3:05  SCV, Barracks Reactor  
  26  3:08  Bunker  
  26  3:12  Orbital Command  
  26  3:17  SCV  
  27  3:26  Cyclone  
  29  3:43  Liberator  
  29  3:44  Marine  
  29  3:45  Marine  
  34  3:57  SCV x2  
  34  4:02  Marine x2  
  37  4:09  SCV x2  
  40  4:20  Marine x2  
  40  4:21  SCV x2, Bunker  
  44  4:29  Supply Depot  
  44  4:33  SCV x2  
  44  4:36  Starport Reactor  
  46  4:42  Supply Depot  
  46  4:45  Supply Depot  
  46  4:51  Siege Tank, Marine x2, SCV  
  52  4:53  Supply Depot  
  52  5:07  SCV x2  
  52  5:09  Marine x2  
  56  5:14  Viking  
  56  5:19  SCV x2  
  60  5:23  Siege Tank  
  60  5:26  Marine x2  
  65  5:31  SCV x2  
  67  5:43  SCV  
  67  5:44  Marine x2, SCV  
  67  5:47  Refinery  
  67  5:49  Refinery  
  70  5:52  Viking  
  70  5:53  Viking  
  70  5:55  SCV  
  70  5:56  SCV  
  74  6:02  Marine  
  75  6:08  SCV x2  
  77  6:13  Barracks x2  
  77  6:19  Supply Depot, Engineering Bay x2  
  77  6:20  SCV  
  78  6:38  Viking, Siege Tank, Marine x2, SCV, Supply Depot  
  86  6:41  SCV  
  86  6:43  Supply Depot  
  87  6:50  SCV  
  87  6:53  SCV  
  89  6:56  Marine  
  89  6:59  Marine  
  91  7:02  SCV  
  91  7:05  SCV  
  91  7:07  Missile Turret  
  93  7:09  Missile Turret  
  93  7:10  Siege Tank  
  93  7:13  Marine  
  93  7:14  SCV  
  97  7:17  Marine  
  98  7:31  Barracks Tech Lab  
  98  7:33  Marine, Barracks Tech Lab  
  98  7:35  Marine  
  98  7:36  Command Center  
  100  7:42  Siege Tank, Supply Depot  
  103  7:44  Supply Depot  
  103  7:45  Supply Depot  
  103  7:46  Supply Depot  
  103  7:51  Marine  
Tags
 
Matchup
TvT
Race
Terran
Spawn Locations
Cross Positions
Add a new tag
Caveats
  • Supply blocks, unpowered buildings, or Contaminate may cause inaccurate times.
  • Supply counts are checked every 10 seconds.